3127 views
Uploaded 2019-12-01 20:37:28
Game version 1.32.0.3 / 1.32.0.3.1
48:11 long 4on4 ladder game on (8)TwilightRuins_LV
Saved by iggythefisk
3127 views
Uploaded 2019-12-01 20:37:28
Game version 1.32.0.3 / 1.32.0.3.1
48:11 long 4on4 ladder game on (8)TwilightRuins_LV


207 units @ 39.4k
/ 7.8k
84 buildings @ 12.5k
/ 4.8k


| Rod of Necromancy | 2 | 300 |
| Orb of Corruption | 1 | 375 |
| total: | 3 | 675g |
| Acolyte | 11 | 825 | / | 0 |
| Ghoul | 8 | 960 | / | 0 |
| Crypt Fiend | 5 | 1075 | / | 200 |
| Obsidian Statue | 3 | 600 | / | 105 |
| Abomination | 15 | 3600 | / | 1050 |
| Frost Wyrm | 11 | 4235 | / | 1320 |
| Meat Wagon | 4 | 920 | / | 200 |
| total: | 57 | 12215g | / | 2875w |
| Nerubian Tower | 1 | 100 | / | 20 |
| Spirit Tower | 3 | 435 | / | 120 |
| Crypt | 1 | 200 | / | 50 |
| Ziggurat | 8 | 1200 | / | 400 |
| Altar of Darkness | 1 | 180 | / | 50 |
| Tomb of Relics | 1 | 130 | / | 30 |
| Graveyard | 1 | 215 | / | 0 |
| Necropolis | 1 | 225 | / | 0 |
| Slaughterhouse | 1 | 140 | / | 135 |
| Sacrificial Pit | 1 | 75 | / | 150 |
| Boneyard | 2 | 350 | / | 400 |
| Halls of the Dead | 1 | 320 | / | 210 |
| Black Citadel | 1 | 325 | / | 230 |
| total: | 17 | 2715g | / | 1215w |
| 0:05 | Acolyte |
| 0:06 | Acolyte |
| 0:08 | Crypt |
| 0:12 | Ziggurat |
| 0:35 | Altar of Darkness |
| 1:10 | Ghoul |
| 1:16 | Tomb of Relics |
| 1:22 | Ziggurat |
| 1:33 | Ghoul |
| 2:20 | Ghoul |
| 2:23 | Ziggurat |
| 2:25 | Nerubian Tower |
| 2:41 | Graveyard |
| 2:46 | Rod of Necromancy |
| 2:53 | Death Coil |
| 3:26 | Halls of the Dead |
| 4:05 | Crypt Fiend |
| 4:06 | Crypt Fiend |
| 4:11 | Rod of Necromancy |
| 4:44 | Crypt Fiend |
| 4:47 | Unholy Aura |
| 5:01 | Ziggurat |
| 5:17 | Crypt Fiend |
| 6:29 | Acolyte |
| 6:48 | Death Coil |
| 6:54 | Necropolis |
| 7:01 | Slaughterhouse |
| 7:06 | Crypt Fiend |
| 7:20 | Frost Nova |
| 7:29 | Creature Attack |
| 7:38 | Black Citadel |
| 8:24 | Web |
| 8:25 | Obsidian Statue |
| 8:25 | Obsidian Statue |
| 8:38 | Acolyte |
| 8:40 | Acolyte |
| 8:59 | Frost Armor |
| 9:15 | Acolyte |
| 9:16 | Acolyte |
| 9:53 | Sacrificial Pit |
| 9:54 | Improved Creature Attack |
| 10:04 | Ziggurat |
| 10:06 | Ziggurat |
| 10:10 | Ziggurat |
| 10:17 | Ghoul Frenzy |
| 10:26 | Destroyer Form |
| 10:26 | Disease Cloud |
| 10:27 | Abomination |
| 10:27 | Abomination |
| 11:04 | Abomination |
| 11:04 | Abomination |
| 11:33 | Unholy Aura |
| 11:56 | Advanced Creature Attack |
| 11:59 | Boneyard |
| 12:34 | Frost Nova |
| 12:52 | Obsidian Statue |
| 13:15 | Freezing Breath |
| 13:20 | Ghoul |
| 13:20 | Ghoul |
| 13:21 | Ghoul |
| 13:21 | Ghoul |
| 13:21 | Ghoul |
| 13:30 | Spirit Tower |
| 13:53 | Orb of Corruption |
| 14:16 | Abomination |
| 15:00 | Frost Wyrm |
| 15:00 | Frost Wyrm |
| 15:00 | Frost Wyrm |
| 15:06 | Spirit Tower |
| 15:11 | Spirit Tower |
| 16:43 | Frost Wyrm |
| 16:43 | Frost Wyrm |
| 16:58 | Frost Armor |
| 18:39 | Abomination |
| 18:40 | Abomination |
| 18:40 | Abomination |
| 18:40 | Abomination |
| 19:16 | Boneyard |
| 19:18 | Creature Carapace |
| 19:34 | Abomination |
| 19:34 | Abomination |
| 19:45 | Ziggurat |
| 20:19 | Improved Creature Carapace |
| 20:27 | Death Coil |
| 20:37 | Frost Wyrm |
| 20:43 | Frost Wyrm |
| 20:55 | Frost Wyrm |
| 24:11 | Frost Nova |
| 25:40 | Animate Dead |
| 26:25 | Cannibalize |
| 31:44 | Frost Wyrm |
| 31:54 | Advanced Creature Carapace |
| 32:42 | Frost Wyrm |
| 32:45 | Frost Wyrm |
| 33:30 | Unholy Armor |
| 33:57 | Meat Wagon |
| 33:58 | Meat Wagon |
| 33:58 | Meat Wagon |
| 33:59 | Meat Wagon |
| 34:42 | Improved Unholy Armor |
| 36:08 | Death and Decay |
| 41:17 | Abomination |
| 41:59 | Abomination |
| 41:59 | Abomination |
| 43:27 | Abomination |
| 43:30 | Advanced Unholy Armor |
| 44:19 | Acolyte |
| 44:19 | Acolyte |
| 44:19 | Acolyte |
| 44:20 | Acolyte |
| 45:03 | Unholy Strength |
| Right click | 1787 |
| Select | 540 |
| Select group | 310 |
| Build/train/purchase | 123 |
| Use ability | 104 |
| Assign group | 40 |
| Misc. action | 27 |
| Remove unit | 8 |
| Item give/drop | 4 |
| Minimap ping | 3 |


| Healing Salve | 5 | 500 |
| Lesser Clarity Potion | 5 | 350 |
| Scroll of Speed | 2 | 100 |
| Orb of Lightning | 1 | 375 |
| Scroll of Town Portal | 1 | 350 |
| Boots of Speed | 1 | 250 |
| Circlet of Nobility | 1 | 175 |
| Claws of Attack +9 | 1 | 300 |
| Pendant of Energy | 1 | 300 |
| total: | 18 | 2700g |
| Peon | 13 | 975 | / | 0 |
| Grunt | 4 | 800 | / | 0 |
| Demolisher | 14 | 3080 | / | 700 |
| Raider | 1 | 180 | / | 40 |
| total: | 32 | 5035g | / | 740w |
| Altar of Storms | 1 | 180 | / | 50 |
| Orc Burrow | 7 | 1120 | / | 280 |
| Barracks | 3 | 540 | / | 150 |
| Voodoo Lounge | 1 | 130 | / | 30 |
| War Mill | 1 | 205 | / | 0 |
| Great Hall | 1 | 385 | / | 185 |
| Beastiary | 2 | 290 | / | 280 |
| Stronghold | 1 | 315 | / | 190 |
| Fortress | 1 | 325 | / | 190 |
| total: | 16 | 2850g | / | 975w |
| 0:23 | Peon |
| 0:23 | Peon |
| 0:29 | Altar of Storms |
| 0:40 | Orc Burrow |
| 0:46 | Peon |
| 1:01 | Barracks |
| 1:06 | Peon |
| 1:20 | Peon |
| 1:27 | Peon |
| 1:50 | Voodoo Lounge |
| 1:55 | Peon |
| 2:02 | Grunt |
| 2:04 | Peon |
| 2:20 | Orc Burrow |
| 2:30 | Wind Walk |
| 3:12 | Healing Salve |
| 3:12 | Healing Salve |
| 3:13 | Lesser Clarity Potion |
| 3:13 | Scroll of Speed |
| 3:15 | Grunt |
| 3:31 | Orc Burrow |
| 3:58 | Grunt |
| 4:15 | Stronghold |
| 4:40 | Critical Strike |
| 5:05 | Grunt |
| 5:11 | Orc Burrow |
| 6:02 | Boots of Speed |
| 6:03 | Circlet of Nobility |
| 6:06 | Wind Walk |
| 6:26 | Orc Burrow |
| 6:45 | Beastiary |
| 6:46 | Beastiary |
| 7:44 | Fortress |
| 7:45 | War Mill |
| 8:54 | Lesser Clarity Potion |
| 8:57 | Demolisher |
| 8:57 | Demolisher |
| 9:01 | Raider |
| 9:10 | Healing Salve |
| 9:10 | Healing Salve |
| 9:47 | Scroll of Town Portal |
| 10:00 | Hex |
| 10:05 | Pillage |
| 10:13 | Burning Oil |
| 10:23 | Healing Salve |
| 10:24 | Scroll of Speed |
| 10:27 | Lesser Clarity Potion |
| 11:00 | Orb of Lightning |
| 11:21 | Demolisher |
| 11:56 | Demolisher |
| 12:29 | Ensnare |
| 15:43 | Healing Wave |
| 15:50 | Demolisher |
| 15:50 | Demolisher |
| 16:09 | Lesser Clarity Potion |
| 17:05 | Claws of Attack +9 |
| 17:17 | Pendant of Energy |
| 20:22 | Orc Burrow |
| 21:37 | Lesser Clarity Potion |
| 23:56 | Demolisher |
| 23:57 | Demolisher |
| 24:48 | Barracks |
| 24:53 | Barracks |
| 25:23 | Orc Burrow |
| 26:01 | Demolisher |
| 26:01 | Demolisher |
| 26:01 | Demolisher |
| 26:28 | Great Hall |
| 28:31 | Healing Wave |
| 28:32 | Healing Wave |
| 30:34 | Demolisher |
| 31:38 | Demolisher |
| 32:23 | Demolisher |
| 36:28 | Peon |
| 40:11 | Peon |
| 40:11 | Peon |
| 40:12 | Peon |
| 40:12 | Peon |
| Right click | 2954 |
| Select group | 1752 |
| Select | 321 |
| Build/train/purchase | 95 |
| Chat | 82 |
| Misc. action | 62 |
| Assign group | 40 |
| Use ability | 25 |
| Item give/drop | 8 |
| Minimap ping | 4 |
| Remove unit | 2 |

x1)
| Scroll of Regeneration | 9 | 900 |
| Lesser Clarity Potion | 3 | 210 |
| Potion of Healing | 4 | 600 |
| Staff of Sanctuary | 1 | 250 |
| Orb of Fire | 1 | 325 |
| Scroll of Town Portal | 3 | 1050 |
| Tome of Retraining | 1 | 300 |
| total: | 22 | 3635g |
| Peasant | 11 | 825 | / | 0 |
| Footman | 6 | 810 | / | 0 |
| Mortar Team | 23 | 4140 | / | 1610 |
| Rifleman | 5 | 1025 | / | 150 |
| Siege Engine | 7 | 1365 | / | 420 |
| Spell Breaker | 5 | 1075 | / | 150 |
| Sorceress | 10 | 1550 | / | 200 |
| Knight | 8 | 1960 | / | 480 |
| total: | 75 | 12750g | / | 3010w |
| Scout Tower | 10 | 300 | / | 200 |
| Arcane Tower | 3 | 210 | / | 150 |
| Guard Tower | 3 | 210 | / | 150 |
| Altar of Kings | 1 | 180 | / | 50 |
| Barracks | 1 | 160 | / | 60 |
| Farm | 8 | 640 | / | 160 |
| Arcane Vault | 1 | 130 | / | 30 |
| Lumber Mill | 1 | 120 | / | 0 |
| Blacksmith | 1 | 140 | / | 60 |
| Town Hall | 1 | 385 | / | 205 |
| Cannon Tower | 1 | 120 | / | 100 |
| Workshop | 2 | 280 | / | 280 |
| Arcane Sanctum | 1 | 150 | / | 140 |
| Keep | 1 | 320 | / | 210 |
| Castle | 1 | 360 | / | 210 |
| total: | 27 | 2485g | / | 1185w |
| 0:04 | Altar of Kings |
| 0:05 | Peasant |
| 0:05 | Peasant |
| 0:13 | Barracks |
| 0:17 | Peasant |
| 0:30 | Farm |
| 0:40 | Farm |
| 0:51 | Peasant |
| 1:01 | Peasant |
| 1:17 | Footman |
| 1:26 | Peasant |
| 1:43 | Arcane Vault |
| 1:52 | Footman |
| 1:55 | Scout Tower |
| 2:02 | Peasant |
| 2:08 | Summon Water Elemental |
| 2:30 | Arcane Tower |
| 2:31 | Footman |
| 2:40 | Footman |
| 2:42 | Farm |
| 2:53 | Farm |
| 3:24 | Footman |
| 3:26 | Peasant |
| 3:30 | Lumber Mill |
| 3:31 | Brilliance Aura |
| 3:40 | Footman |
| 4:12 | Keep |
| 4:15 | Scout Tower |
| 4:44 | Scroll of Regeneration |
| 4:44 | Lesser Clarity Potion |
| 4:47 | Guard Tower |
| 4:51 | Scout Tower |
| 5:04 | Defend |
| 5:08 | Blacksmith |
| 6:01 | Guard Tower |
| 6:16 | Summon Water Elemental |
| 6:36 | Workshop |
| 6:38 | Workshop |
| 6:40 | Black Gunpowder |
| 7:30 | Improved Lumber Harvesting |
| 7:36 | Farm |
| 7:39 | Farm |
| 7:49 | Flare |
| 7:51 | Mortar Team |
| 7:51 | Mortar Team |
| 8:17 | Mortar Team |
| 8:54 | Mortar Team |
| 9:06 | Scroll of Regeneration |
| 9:41 | Castle |
| 10:46 | Long Rifles |
| 10:47 | Rifleman |
| 10:58 | Scroll of Regeneration |
| 10:59 | Lesser Clarity Potion |
| 11:18 | Town Hall |
| 12:54 | Rifleman |
| 12:55 | Rifleman |
| 12:56 | Barrage |
| 12:56 | Siege Engine |
| 13:54 | Refined Gunpowder |
| 14:26 | Fragmentation Shards |
| 14:27 | Mortar Team |
| 14:27 | Mortar Team |
| 15:06 | Farm |
| 15:06 | Farm |
| 15:08 | Advanced Lumber Harvesting |
| 15:11 | Peasant |
| 15:12 | Peasant |
| 15:12 | Peasant |
| 15:15 | Arcane Sanctum |
| 15:19 | Scroll of Regeneration |
| 15:38 | Mortar Team |
| 16:08 | Brilliance Aura |
| 16:39 | Scroll of Regeneration |
| 16:41 | Scroll of Town Portal |
| 17:04 | Spell Breaker |
| 17:04 | Spell Breaker |
| 17:06 | Spell Breaker |
| 17:08 | Siege Engine |
| 19:24 | Mortar Team |
| 19:25 | Mortar Team |
| 19:29 | Scroll of Regeneration |
| 19:29 | Lesser Clarity Potion |
| 19:31 | Scroll of Town Portal |
| 19:55 | Imbued Gunpowder |
| 20:11 | Scout Tower |
| 20:12 | Scout Tower |
| 20:13 | Scout Tower |
| 20:28 | Spell Breaker |
| 20:28 | Spell Breaker |
| 21:29 | Rifleman |
| 21:44 | Potion of Healing |
| 21:46 | Staff of Sanctuary |
| 21:55 | Siege Engine |
| 21:55 | Siege Engine |
| 22:28 | Sorceress Adept Training |
| 22:28 | Sorceress |
| 22:28 | Sorceress |
| 22:32 | Summon Water Elemental |
| 23:22 | Improved Masonry |
| 25:12 | Siege Engine |
| 25:13 | Siege Engine |
| 25:13 | Mortar Team |
| 25:13 | Mortar Team |
| 25:13 | Mortar Team |
| 25:52 | Guard Tower |
| 26:17 | Mortar Team |
| 26:17 | Mortar Team |
| 26:17 | Mortar Team |
| 26:18 | Mortar Team |
| 26:20 | Studded Leather Armor |
| 26:24 | Advanced Masonry |
| 29:49 | Mass Teleport |
| 30:13 | Potion of Healing |
| 30:13 | Potion of Healing |
| 30:21 | Scroll of Town Portal |
| 30:22 | Orb of Fire |
| 30:28 | Mortar Team |
| 30:45 | Sorceress |
| 30:46 | Sorceress |
| 30:47 | Rifleman |
| 30:50 | Animal War Training |
| 30:50 | Knight |
| 32:13 | Sundering Blades |
| 32:13 | Knight |
| 32:15 | Siege Engine |
| 33:40 | Scroll of Regeneration |
| 33:47 | Sorceress |
| 34:25 | Knight |
| 35:38 | Mortar Team |
| 35:38 | Mortar Team |
| 36:22 | Scroll of Regeneration |
| 36:42 | Potion of Healing |
| 38:12 | Scout Tower |
| 38:13 | Scout Tower |
| 38:15 | Brilliance Aura |
| 40:46 | Mortar Team |
| 41:00 | Arcane Tower |
| 41:02 | Cannon Tower |
| 41:43 | Sorceress |
| 41:43 | Sorceress |
| 41:45 | Knight |
| 41:46 | Knight |
| 41:47 | Knight |
| 42:26 | Scout Tower |
| 42:28 | Scout Tower |
| 43:01 | Arcane Tower |
| 44:24 | Sorceress |
| 44:24 | Sorceress |
| 45:10 | Scroll of Regeneration |
| 45:17 | Knight |
| 45:17 | Knight |
| 45:19 | Sorceress |
| 46:15 | Mortar Team |
| 46:15 | Mortar Team |
| 46:15 | Mortar Team |
| 46:47 | Tome of Retraining |
| 46:47 | Retrain Hero |
| 46:50 | Blizzard |
| 46:50 | Blizzard |
| 46:51 | Brilliance Aura |
| Right click | 2639 |
| Select | 899 |
| Select group | 637 |
| Misc. action | 381 |
| Build/train/purchase | 229 |
| Assign group | 197 |
| Use ability | 79 |
| Minimap ping | 11 |
| Item give/drop | 1 |
| Remove unit | 1 |


| Healing Salve | 1 | 100 |
| Scroll of Town Portal | 2 | 700 |
| total: | 3 | 800g |
| Peon | 7 | 525 | / | 0 |
| Grunt | 5 | 1000 | / | 0 |
| Troll Headhunter | 4 | 560 | / | 80 |
| Wind Rider | 26 | 6890 | / | 1040 |
| Goblin Shredder | 1 | 375 | / | 100 |
| total: | 43 | 9350g | / | 1220w |
| Altar of Storms | 1 | 180 | / | 50 |
| Orc Burrow | 10 | 1600 | / | 400 |
| Barracks | 6 | 1080 | / | 300 |
| War Mill | 2 | 410 | / | 0 |
| Voodoo Lounge | 1 | 130 | / | 30 |
| Great Hall | 2 | 770 | / | 370 |
| Beastiary | 2 | 290 | / | 280 |
| Stronghold | 1 | 315 | / | 190 |
| Fortress | 1 | 325 | / | 190 |
| total: | 24 | 4460g | / | 1430w |
| 0:14 | Altar of Storms |
| 0:16 | Peon |
| 0:17 | Peon |
| 0:17 | Peon |
| 0:29 | Orc Burrow |
| 0:42 | Peon |
| 1:00 | Peon |
| 1:10 | Barracks |
| 1:57 | Orc Burrow |
| 2:14 | Grunt |
| 2:15 | Grunt |
| 2:30 | War Mill |
| 2:44 | Grunt |
| 2:53 | Wind Walk |
| 3:36 | Orc Burrow |
| 5:03 | Troll Headhunter |
| 5:03 | Troll Headhunter |
| 5:03 | Troll Headhunter |
| 5:06 | Steel Ranged Weapons |
| 5:16 | Stronghold |
| 5:51 | Mirror Image |
| 6:36 | Troll Headhunter |
| 6:44 | Goblin Shredder |
| 7:04 | Voodoo Lounge |
| 7:30 | Grunt |
| 7:30 | Grunt |
| 8:08 | Beastiary |
| 8:14 | Beastiary |
| 8:21 | Critical Strike |
| 8:33 | Great Hall |
| 9:16 | War Mill |
| 10:35 | Healing Salve |
| 11:15 | War Stomp |
| 11:38 | Orc Burrow |
| 12:28 | Critical Strike |
| 12:38 | Wind Rider |
| 12:38 | Wind Rider |
| 12:40 | Wind Rider |
| 12:41 | Wind Rider |
| 12:47 | Orc Burrow |
| 12:54 | Orc Burrow |
| 13:20 | Fortress |
| 13:35 | Peon |
| 13:35 | Peon |
| 13:43 | Orc Burrow |
| 13:48 | Orc Burrow |
| 14:04 | Wind Rider |
| 14:04 | Wind Rider |
| 14:05 | Wind Rider |
| 14:05 | Wind Rider |
| 14:18 | Orc Burrow |
| 14:30 | Orc Burrow |
| 14:36 | Wind Rider |
| 14:36 | Wind Rider |
| 15:08 | Wind Rider |
| 17:55 | Wind Rider |
| 17:55 | Wind Rider |
| 17:56 | Wind Rider |
| 17:57 | Wind Rider |
| 18:19 | Thorium Ranged Weapons |
| 18:27 | Steel Armor |
| 18:30 | Backpack |
| 20:03 | Envenomed Spears |
| 21:13 | Burning Oil |
| 21:24 | Barracks |
| 25:44 | Barracks |
| 25:45 | Barracks |
| 25:47 | Barracks |
| 26:22 | Barracks |
| 26:41 | Critical Strike |
| 29:19 | Wind Rider |
| 29:19 | Wind Rider |
| 29:20 | Wind Rider |
| 29:21 | Wind Rider |
| 29:21 | Wind Rider |
| 29:31 | Shockwave |
| 29:31 | War Stomp |
| 32:15 | Great Hall |
| 34:21 | Thorium Armor |
| 34:25 | Arcanite Ranged Weapons |
| 35:44 | Endurance Aura |
| 36:03 | Wind Rider |
| 36:03 | Wind Rider |
| 36:03 | Wind Rider |
| 36:04 | Wind Rider |
| 36:09 | Arcanite Armor |
| 36:53 | Scroll of Town Portal |
| 36:56 | Scroll of Town Portal |
| 42:00 | Wind Rider |
| 42:00 | Wind Rider |
| 43:21 | Bladestorm |
| Right click | 1884 |
| Select | 552 |
| Build/train/purchase | 88 |
| Select group | 66 |
| Use ability | 14 |
| Assign group | 13 |
| Item give/drop | 6 |
| Esc | 4 |
| Misc. action | 3 |
| Remove unit | 3 |
133 units @ 10.2k
/ 0.2k
589 buildings @ 26.7k
/ 14.4k



| Lesser Clarity Potion | 4 | 280 |
| Scroll of Regeneration | 2 | 200 |
| Staff of Sanctuary | 3 | 750 |
| Orb of Fire | 2 | 650 |
| Potion of Mana | 1 | 200 |
| Boots of Speed | 4 | 1000 |
| Staff of Teleportation | 4 | 600 |
| Circlet of Nobility | 1 | 175 |
| Periapt of Vitality | 1 | 325 |
| Pendant of Energy | 1 | 300 |
| Medallion of Courage | 3 | 1500 |
| total: | 26 | 5980g |
| Peasant | 18 | 1350 | / | 0 |
| Priest | 1 | 135 | / | 10 |
| total: | 19 | 1485g | / | 10w |
| Scout Tower | 120 | 3600 | / | 2400 |
| Arcane Tower | 4 | 280 | / | 200 |
| Guard Tower | 44 | 3080 | / | 2200 |
| Farm | 7 | 560 | / | 140 |
| Altar of Kings | 2 | 360 | / | 100 |
| Lumber Mill | 1 | 120 | / | 0 |
| Arcane Vault | 2 | 260 | / | 60 |
| Town Hall | 1 | 385 | / | 205 |
| Arcane Sanctum | 1 | 150 | / | 140 |
| Keep | 1 | 320 | / | 210 |
| Castle | 1 | 360 | / | 210 |
| total: | 134 | 5435g | / | 3045w |
| 0:03 | Peasant |
| 0:03 | Peasant |
| 0:07 | Farm |
| 0:11 | Altar of Kings |
| 0:21 | Lumber Mill |
| 0:26 | Altar of Kings |
| 0:28 | Peasant |
| 0:40 | Scout Tower |
| 0:45 | Peasant |
| 0:59 | Peasant |
| 1:06 | Peasant |
| 1:11 | Farm |
| 1:17 | Arcane Tower |
| 1:18 | Peasant |
| 1:32 | Scout Tower |
| 1:34 | Peasant |
| 1:44 | Peasant |
| 1:49 | Scout Tower |
| 1:52 | Peasant |
| 2:00 | Arcane Vault |
| 2:05 | Guard Tower |
| 2:06 | Peasant |
| 2:13 | Scout Tower |
| 2:19 | Guard Tower |
| 2:21 | Scout Tower |
| 2:22 | Peasant |
| 2:30 | Peasant |
| 2:38 | Storm Bolt |
| 2:53 | Guard Tower |
| 2:54 | Scout Tower |
| 2:59 | Scout Tower |
| 3:01 | Peasant |
| 3:07 | Scout Tower |
| 3:11 | Peasant |
| 3:24 | Guard Tower |
| 3:25 | Scout Tower |
| 3:44 | Guard Tower |
| 3:59 | Keep |
| 4:02 | Farm |
| 4:32 | Bash |
| 4:48 | Improved Masonry |
| 4:49 | Guard Tower |
| 4:59 | Lesser Clarity Potion |
| 5:16 | Farm |
| 5:57 | Storm Bolt |
| 6:08 | Scout Tower |
| 6:10 | Scout Tower |
| 6:13 | Scout Tower |
| 6:18 | Town Hall |
| 6:23 | Scout Tower |
| 6:24 | Scout Tower |
| 6:25 | Scout Tower |
| 6:27 | Scout Tower |
| 6:39 | Advanced Masonry |
| 6:44 | Guard Tower |
| 6:45 | Scout Tower |
| 6:48 | Scout Tower |
| 6:51 | Guard Tower |
| 6:55 | Scroll of Regeneration |
| 7:06 | Arcane Sanctum |
| 7:10 | Guard Tower |
| 7:12 | Scout Tower |
| 7:14 | Scout Tower |
| 7:15 | Scout Tower |
| 7:17 | Scout Tower |
| 7:18 | Scout Tower |
| 7:23 | Arcane Tower |
| 7:31 | Holy Light |
| 7:38 | Guard Tower |
| 7:41 | Scout Tower |
| 7:54 | Guard Tower |
| 8:05 | Guard Tower |
| 8:09 | Scout Tower |
| 8:10 | Guard Tower |
| 8:35 | Boots of Speed |
| 8:35 | Staff of Teleportation |
| 8:36 | Staff of Teleportation |
| 8:55 | Castle |
| 9:04 | Guard Tower |
| 9:07 | Magic Sentry |
| 9:13 | Scout Tower |
| 9:17 | Imbued Masonry |
| 9:45 | Boots of Speed |
| 9:59 | Scout Tower |
| 9:59 | Scout Tower |
| 10:00 | Guard Tower |
| 10:03 | Scout Tower |
| 10:08 | Scout Tower |
| 10:13 | Peasant |
| 10:15 | Improved Lumber Harvesting |
| 11:01 | Guard Tower |
| 11:03 | Scout Tower |
| 11:04 | Scout Tower |
| 11:06 | Scout Tower |
| 11:06 | Guard Tower |
| 11:56 | Arcane Vault |
| 12:00 | Scroll of Regeneration |
| 12:00 | Lesser Clarity Potion |
| 12:02 | Staff of Sanctuary |
| 12:02 | Orb of Fire |
| 12:12 | Guard Tower |
| 12:26 | Scout Tower |
| 12:34 | Guard Tower |
| 12:35 | Scout Tower |
| 12:40 | Peasant |
| 12:40 | Peasant |
| 12:55 | Guard Tower |
| 12:58 | Flame Strike |
| 13:16 | Scout Tower |
| 13:19 | Scout Tower |
| 13:19 | Scout Tower |
| 13:22 | Scout Tower |
| 13:34 | Staff of Sanctuary |
| 13:36 | Orb of Fire |
| 13:42 | Scout Tower |
| 13:42 | Guard Tower |
| 13:44 | Scout Tower |
| 13:45 | Guard Tower |
| 14:11 | Guard Tower |
| 14:12 | Guard Tower |
| 14:13 | Scout Tower |
| 14:14 | Scout Tower |
| 14:15 | Scout Tower |
| 14:24 | Scout Tower |
| 14:31 | Boots of Speed |
| 14:32 | Circlet of Nobility |
| 14:32 | Periapt of Vitality |
| 14:43 | Guard Tower |
| 14:53 | Guard Tower |
| 14:59 | Scout Tower |
| 15:00 | Guard Tower |
| 15:06 | Staff of Sanctuary |
| 15:19 | Advanced Lumber Harvesting |
| 15:26 | Farm |
| 15:29 | Guard Tower |
| 15:30 | Scout Tower |
| 16:06 | Divine Shield |
| 17:32 | Staff of Teleportation |
| 17:37 | Boots of Speed |
| 17:58 | Staff of Teleportation |
| 18:38 | Scout Tower |
| 18:38 | Guard Tower |
| 18:42 | Scout Tower |
| 18:42 | Scout Tower |
| 19:43 | Guard Tower |
| 19:45 | Scout Tower |
| 19:46 | Scout Tower |
| 19:47 | Guard Tower |
| 19:48 | Guard Tower |
| 19:50 | Scout Tower |
| 19:53 | Priest Adept Training |
| 19:53 | Priest |
| 20:03 | Scout Tower |
| 20:04 | Scout Tower |
| 20:05 | Scout Tower |
| 20:05 | Scout Tower |
| 20:06 | Scout Tower |
| 20:06 | Scout Tower |
| 20:15 | Guard Tower |
| 20:16 | Scout Tower |
| 20:25 | Guard Tower |
| 20:28 | Scout Tower |
| 20:29 | Scout Tower |
| 20:30 | Scout Tower |
| 22:04 | Guard Tower |
| 22:05 | Scout Tower |
| 22:08 | Scout Tower |
| 24:14 | Siphon Mana |
| 24:46 | Scout Tower |
| 24:46 | Scout Tower |
| 24:47 | Guard Tower |
| 24:52 | Scout Tower |
| 24:52 | Scout Tower |
| 25:30 | Bash |
| 25:35 | Guard Tower |
| 25:45 | Guard Tower |
| 25:51 | Lesser Clarity Potion |
| 26:02 | Lesser Clarity Potion |
| 26:13 | Scout Tower |
| 26:15 | Scout Tower |
| 26:16 | Scout Tower |
| 26:18 | Scout Tower |
| 26:20 | Scout Tower |
| 26:46 | Guard Tower |
| 27:34 | Farm |
| 27:53 | Scout Tower |
| 27:54 | Scout Tower |
| 27:55 | Scout Tower |
| 27:55 | Scout Tower |
| 27:58 | Scout Tower |
| 27:58 | Scout Tower |
| 28:57 | Holy Light |
| 29:24 | Potion of Mana |
| 31:00 | Flame Strike |
| 32:12 | Arcane Tower |
| 32:13 | Arcane Tower |
| 32:26 | Scout Tower |
| 32:26 | Scout Tower |
| 32:27 | Scout Tower |
| 32:28 | Scout Tower |
| 32:30 | Scout Tower |
| 32:31 | Scout Tower |
| 32:31 | Scout Tower |
| 32:32 | Scout Tower |
| 32:32 | Scout Tower |
| 32:53 | Scout Tower |
| 33:18 | Guard Tower |
| 33:21 | Scout Tower |
| 33:23 | Scout Tower |
| 33:24 | Scout Tower |
| 33:25 | Scout Tower |
| 34:20 | Guard Tower |
| 34:53 | Scout Tower |
| 34:54 | Scout Tower |
| 34:54 | Scout Tower |
| 34:55 | Scout Tower |
| 34:56 | Scout Tower |
| 34:57 | Scout Tower |
| 34:59 | Scout Tower |
| 35:00 | Scout Tower |
| 35:03 | Scout Tower |
| 35:35 | Storm Bolt |
| 35:39 | Guard Tower |
| 35:44 | Scout Tower |
| 35:48 | Scout Tower |
| 35:48 | Scout Tower |
| 35:49 | Scout Tower |
| 35:50 | Scout Tower |
| 35:51 | Scout Tower |
| 35:51 | Scout Tower |
| 35:53 | Scout Tower |
| 35:57 | Scout Tower |
| 35:58 | Scout Tower |
| 36:49 | Pendant of Energy |
| 37:15 | Guard Tower |
| 37:17 | Scout Tower |
| 37:18 | Scout Tower |
| 37:18 | Scout Tower |
| 37:20 | Scout Tower |
| 37:21 | Scout Tower |
| 37:22 | Scout Tower |
| 37:22 | Scout Tower |
| 37:59 | Guard Tower |
| 38:37 | Medallion of Courage |
| 39:45 | Divine Shield |
| 42:07 | Banish |
| 44:16 | Holy Light |
| 44:26 | Avatar |
| 47:13 | Medallion of Courage |
| 47:23 | Farm |
| 47:53 | Medallion of Courage |
| Right click | 3743 |
| Select | 1281 |
| Select group | 776 |
| Build/train/purchase | 238 |
| Use ability | 173 |
| Assign group | 85 |
| Chat | 60 |
| Misc. action | 25 |
| Resource trade | 9 |
| Item give/drop | 8 |
| Minimap ping | 7 |
| Esc | 5 |



x1)
| Potion of Healing | 4 | 600 |
| Lesser Clarity Potion | 10 | 700 |
| Scroll of Regeneration | 9 | 900 |
| Staff of Sanctuary | 4 | 1000 |
| Orb of Fire | 2 | 650 |
| Boots of Speed | 3 | 750 |
| Staff of Teleportation | 3 | 450 |
| Tome of Retraining | 1 | 300 |
| Orb of Venom | 1 | 325 |
| Medallion of Courage | 1 | 500 |
| Talisman of Evasion | 1 | 300 |
| Pendant of Energy | 1 | 300 |
| Cloak of Flames | 1 | 500 |
| Legion Doom-Horn | 1 | 500 |
| total: | 42 | 7775g |
| Peasant | 44 | 3300 | / | 0 |
| Priest | 3 | 405 | / | 30 |
| Goblin Zeppelin | 1 | 240 | / | 60 |
| total: | 48 | 3945g | / | 90w |
| Scout Tower | 169 | 5070 | / | 3380 |
| Arcane Tower | 4 | 280 | / | 200 |
| Guard Tower | 63 | 4410 | / | 3150 |
| Lumber Mill | 1 | 120 | / | 0 |
| Farm | 9 | 720 | / | 180 |
| Altar of Kings | 2 | 360 | / | 100 |
| Arcane Vault | 4 | 520 | / | 120 |
| Town Hall | 1 | 385 | / | 205 |
| Arcane Sanctum | 1 | 150 | / | 140 |
| Keep | 1 | 320 | / | 210 |
| Castle | 1 | 360 | / | 210 |
| total: | 187 | 7325g | / | 4125w |
| 0:01 | Peasant |
| 0:07 | Lumber Mill |
| 0:10 | Peasant |
| 0:16 | Peasant |
| 0:29 | Farm |
| 0:36 | Altar of Kings |
| 0:40 | Peasant |
| 0:52 | Farm |
| 0:59 | Peasant |
| 1:15 | Scout Tower |
| 1:22 | Scout Tower |
| 1:23 | Peasant |
| 1:23 | Peasant |
| 1:31 | Improved Masonry |
| 1:33 | Peasant |
| 1:47 | Peasant |
| 1:56 | Arcane Tower |
| 1:58 | Scout Tower |
| 2:04 | Peasant |
| 2:07 | Arcane Tower |
| 2:21 | Scout Tower |
| 2:29 | Pocket Factory |
| 2:34 | Peasant |
| 2:35 | Peasant |
| 2:36 | Guard Tower |
| 2:38 | Scout Tower |
| 2:48 | Peasant |
| 2:55 | Guard Tower |
| 3:15 | Peasant |
| 3:16 | Guard Tower |
| 3:17 | Scout Tower |
| 3:37 | Peasant |
| 3:45 | Guard Tower |
| 3:46 | Scout Tower |
| 4:01 | Engineering Upgrade |
| 4:08 | Keep |
| 4:41 | Guard Tower |
| 4:42 | Scout Tower |
| 4:43 | Scout Tower |
| 4:46 | Farm |
| 4:54 | Boots of Speed |
| 4:55 | Staff of Teleportation |
| 5:13 | Guard Tower |
| 5:16 | Scout Tower |
| 6:03 | Scout Tower |
| 6:04 | Scout Tower |
| 6:11 | Guard Tower |
| 6:28 | Guard Tower |
| 6:33 | Guard Tower |
| 6:35 | Arcane Vault |
| 6:38 | Arcane Vault |
| 6:39 | Scout Tower |
| 6:40 | Scout Tower |
| 6:41 | Scout Tower |
| 6:42 | Scout Tower |
| 6:43 | Scout Tower |
| 7:15 | Guard Tower |
| 7:17 | Arcane Tower |
| 7:33 | Breath of Fire |
| 7:38 | Potion of Healing |
| 7:40 | Lesser Clarity Potion |
| 7:43 | Guard Tower |
| 7:53 | Arcane Sanctum |
| 8:27 | Town Hall |
| 8:29 | Scout Tower |
| 8:30 | Scout Tower |
| 8:31 | Scout Tower |
| 8:31 | Scout Tower |
| 8:32 | Scout Tower |
| 8:32 | Scout Tower |
| 8:34 | Scout Tower |
| 8:35 | Scout Tower |
| 8:38 | Arcane Vault |
| 8:40 | Scout Tower |
| 8:41 | Scout Tower |
| 8:41 | Scout Tower |
| 8:42 | Scout Tower |
| 8:50 | Peasant |
| 8:50 | Peasant |
| 8:50 | Peasant |
| 9:12 | Arcane Tower |
| 9:13 | Guard Tower |
| 9:13 | Guard Tower |
| 9:26 | Magic Sentry |
| 9:28 | Boots of Speed |
| 9:28 | Staff of Teleportation |
| 9:39 | Peasant |
| 9:39 | Peasant |
| 9:58 | Scout Tower |
| 9:59 | Scout Tower |
| 9:59 | Scout Tower |
| 10:06 | Guard Tower |
| 10:12 | Scroll of Regeneration |
| 10:15 | Cluster Rockets |
| 10:18 | Scout Tower |
| 10:19 | Scout Tower |
| 10:50 | Guard Tower |
| 10:51 | Guard Tower |
| 10:52 | Guard Tower |
| 10:53 | Scout Tower |
| 10:56 | Scout Tower |
| 11:07 | Drunken Haze |
| 11:11 | Guard Tower |
| 11:25 | Guard Tower |
| 11:40 | Guard Tower |
| 11:46 | Scout Tower |
| 11:47 | Scout Tower |
| 11:48 | Guard Tower |
| 11:50 | Guard Tower |
| 11:51 | Scout Tower |
| 11:51 | Scout Tower |
| 11:53 | Scout Tower |
| 11:54 | Scout Tower |
| 11:56 | Scout Tower |
| 11:57 | Advanced Masonry |
| 11:57 | Improved Lumber Harvesting |
| 11:57 | Castle |
| 12:03 | Scroll of Regeneration |
| 12:06 | Lesser Clarity Potion |
| 12:08 | Lesser Clarity Potion |
| 12:24 | Guard Tower |
| 12:30 | Guard Tower |
| 12:54 | Lesser Clarity Potion |
| 13:00 | Scout Tower |
| 13:13 | Guard Tower |
| 13:23 | Scroll of Regeneration |
| 13:26 | Lesser Clarity Potion |
| 13:29 | Scout Tower |
| 13:30 | Guard Tower |
| 13:32 | Scout Tower |
| 13:33 | Scout Tower |
| 13:35 | Scout Tower |
| 13:37 | Scout Tower |
| 13:39 | Scout Tower |
| 13:59 | Guard Tower |
| 14:01 | Scout Tower |
| 14:02 | Guard Tower |
| 14:03 | Peasant |
| 14:03 | Peasant |
| 14:04 | Peasant |
| 14:06 | Scout Tower |
| 14:07 | Scout Tower |
| 14:26 | Guard Tower |
| 14:42 | Guard Tower |
| 14:44 | Scout Tower |
| 14:55 | Imbued Masonry |
| 14:56 | Advanced Lumber Harvesting |
| 14:59 | Peasant |
| 14:59 | Peasant |
| 15:05 | Staff of Teleportation |
| 15:05 | Boots of Speed |
| 15:13 | Farm |
| 15:22 | Healing Spray |
| 15:31 | Scroll of Regeneration |
| 15:37 | Staff of Sanctuary |
| 16:00 | Guard Tower |
| 16:09 | Potion of Healing |
| 16:13 | Lesser Clarity Potion |
| 16:41 | Scout Tower |
| 16:45 | Scout Tower |
| 16:45 | Scout Tower |
| 16:46 | Scout Tower |
| 16:49 | Peasant |
| 16:49 | Peasant |
| 16:54 | Scroll of Regeneration |
| 17:04 | Peasant |
| 17:07 | Scout Tower |
| 17:07 | Scout Tower |
| 17:08 | Scout Tower |
| 17:09 | Scout Tower |
| 17:11 | Scout Tower |
| 17:11 | Scout Tower |
| 17:14 | Guard Tower |
| 17:19 | Scout Tower |
| 17:21 | Scout Tower |
| 17:21 | Scout Tower |
| 17:22 | Scout Tower |
| 17:22 | Scout Tower |
| 17:22 | Scout Tower |
| 17:23 | Scout Tower |
| 17:23 | Scout Tower |
| 17:24 | Scout Tower |
| 17:25 | Scout Tower |
| 17:26 | Scout Tower |
| 17:27 | Scout Tower |
| 17:27 | Scout Tower |
| 17:28 | Scout Tower |
| 17:29 | Scout Tower |
| 17:29 | Scout Tower |
| 17:49 | Peasant |
| 17:49 | Peasant |
| 17:52 | Scout Tower |
| 17:53 | Scroll of Regeneration |
| 18:19 | Staff of Sanctuary |
| 18:29 | Guard Tower |
| 18:39 | Peasant |
| 18:39 | Peasant |
| 18:39 | Peasant |
| 18:47 | Lesser Clarity Potion |
| 18:54 | Scout Tower |
| 18:56 | Scout Tower |
| 18:58 | Guard Tower |
| 19:00 | Potion of Healing |
| 19:06 | Staff of Sanctuary |
| 19:25 | Guard Tower |
| 19:30 | Peasant |
| 19:33 | Guard Tower |
| 19:37 | Scout Tower |
| 19:37 | Scout Tower |
| 19:41 | Peasant |
| 19:55 | Guard Tower |
| 19:57 | Scout Tower |
| 19:57 | Scout Tower |
| 19:58 | Scout Tower |
| 19:58 | Scout Tower |
| 19:59 | Scout Tower |
| 20:00 | Scout Tower |
| 20:00 | Scout Tower |
| 20:14 | Scout Tower |
| 20:15 | Scout Tower |
| 20:15 | Scout Tower |
| 20:16 | Scout Tower |
| 20:16 | Scout Tower |
| 20:27 | Staff of Sanctuary |
| 20:28 | Potion of Healing |
| 20:28 | Orb of Fire |
| 21:01 | Guard Tower |
| 21:02 | Scout Tower |
| 21:03 | Scout Tower |
| 21:04 | Guard Tower |
| 21:07 | Scout Tower |
| 21:13 | Chemical Rage |
| 22:05 | Priest Adept Training |
| 22:05 | Priest |
| 22:09 | Guard Tower |
| 22:15 | Scroll of Regeneration |
| 22:28 | Guard Tower |
| 22:30 | Peasant |
| 22:30 | Peasant |
| 22:34 | Scout Tower |
| 22:35 | Scout Tower |
| 22:36 | Scout Tower |
| 22:36 | Scout Tower |
| 22:48 | Orb of Fire |
| 22:50 | Guard Tower |
| 22:55 | Scout Tower |
| 22:58 | Scout Tower |
| 23:06 | Scout Tower |
| 23:11 | Peasant |
| 23:11 | Peasant |
| 23:18 | Farm |
| 23:23 | Guard Tower |
| 23:28 | Scout Tower |
| 23:43 | Guard Tower |
| 23:48 | Scout Tower |
| 23:59 | Scout Tower |
| 24:00 | Guard Tower |
| 24:16 | Scout Tower |
| 24:17 | Scout Tower |
| 24:17 | Scout Tower |
| 24:17 | Scout Tower |
| 24:19 | Priest |
| 24:23 | Guard Tower |
| 24:25 | Guard Tower |
| 24:30 | Scout Tower |
| 24:31 | Scout Tower |
| 24:32 | Scout Tower |
| 24:33 | Scout Tower |
| 24:35 | Scroll of Regeneration |
| 24:42 | Lesser Clarity Potion |
| 24:52 | Guard Tower |
| 25:15 | Scroll of Regeneration |
| 25:48 | Scout Tower |
| 25:48 | Scout Tower |
| 25:51 | Lesser Clarity Potion |
| 25:59 | Peasant |
| 25:59 | Peasant |
| 25:59 | Peasant |
| 26:01 | Scout Tower |
| 26:01 | Scout Tower |
| 26:02 | Scout Tower |
| 26:02 | Scout Tower |
| 26:05 | Scout Tower |
| 26:05 | Scout Tower |
| 26:05 | Scout Tower |
| 26:09 | Scout Tower |
| 26:10 | Guard Tower |
| 26:16 | Scout Tower |
| 26:16 | Scout Tower |
| 26:17 | Scout Tower |
| 26:17 | Scout Tower |
| 26:19 | Scout Tower |
| 26:19 | Scout Tower |
| 26:19 | Scout Tower |
| 26:20 | Scout Tower |
| 26:20 | Scout Tower |
| 26:32 | Scout Tower |
| 26:33 | Scout Tower |
| 26:35 | Guard Tower |
| 26:41 | Scout Tower |
| 26:48 | Scout Tower |
| 26:49 | Scout Tower |
| 26:50 | Scout Tower |
| 26:59 | Guard Tower |
| 27:03 | Tome of Retraining |
| 27:03 | Retrain Hero |
| 27:05 | Cluster Rockets |
| 27:05 | Engineering Upgrade |
| 27:29 | Guard Tower |
| 28:02 | Breath of Fire |
| 28:04 | Lesser Clarity Potion |
| 28:08 | Scout Tower |
| 28:09 | Scout Tower |
| 28:10 | Guard Tower |
| 28:14 | Guard Tower |
| 28:15 | Scout Tower |
| 28:43 | Guard Tower |
| 28:45 | Scout Tower |
| 28:45 | Scout Tower |
| 28:59 | Scout Tower |
| 29:00 | Scout Tower |
| 29:00 | Scout Tower |
| 29:25 | Guard Tower |
| 30:16 | Guard Tower |
| 30:19 | Peasant |
| 30:20 | Peasant |
| 30:33 | Scout Tower |
| 30:34 | Scout Tower |
| 30:34 | Scout Tower |
| 30:35 | Scout Tower |
| 30:36 | Scout Tower |
| 30:37 | Scout Tower |
| 30:37 | Scout Tower |
| 30:41 | Scout Tower |
| 30:43 | Engineering Upgrade |
| 30:45 | Goblin Zeppelin |
| 31:00 | Medallion of Courage |
| 31:08 | Guard Tower |
| 31:22 | Scout Tower |
| 31:22 | Scout Tower |
| 31:25 | Guard Tower |
| 31:28 | Scout Tower |
| 31:29 | Scout Tower |
| 31:39 | Scout Tower |
| 31:46 | Orb of Venom |
| 32:08 | Guard Tower |
| 32:12 | Guard Tower |
| 32:15 | Scout Tower |
| 32:15 | Scout Tower |
| 33:21 | Guard Tower |
| 33:29 | Priest |
| 33:50 | Guard Tower |
| 34:15 | Talisman of Evasion |
| 34:23 | Pendant of Energy |
| 34:33 | Cloak of Flames |
| 34:47 | Arcane Vault |
| 36:28 | Scout Tower |
| 36:28 | Scout Tower |
| 36:29 | Scout Tower |
| 37:11 | Altar of Kings |
| 37:12 | Farm |
| 37:13 | Farm |
| 37:14 | Farm |
| 37:14 | Farm |
| 39:31 | Drunken Brawler |
| 40:04 | Healing Spray |
| 41:16 | Legion Doom-Horn |
| 47:45 | Breath of Fire |
| 48:02 | Cluster Rockets |
| Right click | 3366 |
| Select group | 1667 |
| Select | 750 |
| Assign group | 271 |
| Build/train/purchase | 264 |
| Chat | 218 |
| Use ability | 200 |
| Misc. action | 59 |
| Item give/drop | 13 |
| Minimap ping | 8 |
| Remove unit | 7 |



| Potion of Healing | 1 | 150 |
| Lesser Clarity Potion | 1 | 70 |
| Staff of Sanctuary | 3 | 750 |
| Orb of Fire | 1 | 325 |
| Staff of Teleportation | 3 | 450 |
| Boots of Speed | 2 | 500 |
| Helm of Valor | 1 | 500 |
| Claws of Attack +9 | 1 | 300 |
| Ring of Regeneration | 1 | 300 |
| Ancient Janggo of Endurance | 1 | 500 |
| Legion Doom-Horn | 1 | 500 |
| total: | 16 | 4345g |
| Peasant | 33 | 2475 | / | 0 |
| Goblin Zeppelin | 1 | 240 | / | 60 |
| total: | 34 | 2715g | / | 60w |
| Scout Tower | 223 | 6690 | / | 4460 |
| Arcane Tower | 1 | 70 | / | 50 |
| Guard Tower | 76 | 5320 | / | 3800 |
| Altar of Kings | 1 | 180 | / | 50 |
| Lumber Mill | 1 | 120 | / | 0 |
| Farm | 6 | 480 | / | 120 |
| Town Hall | 1 | 385 | / | 205 |
| Arcane Vault | 1 | 130 | / | 30 |
| Arcane Sanctum | 1 | 150 | / | 140 |
| Keep | 1 | 320 | / | 210 |
| Castle | 1 | 360 | / | 210 |
| total: | 234 | 8135g | / | 5005w |
| 0:02 | Peasant |
| 0:07 | Altar of Kings |
| 0:08 | Peasant |
| 0:29 | Lumber Mill |
| 0:31 | Peasant |
| 0:38 | Farm |
| 0:44 | Peasant |
| 0:54 | Peasant |
| 1:12 | Peasant |
| 1:20 | Peasant |
| 1:27 | Scout Tower |
| 1:32 | Scout Tower |
| 1:35 | Peasant |
| 1:42 | Scout Tower |
| 1:58 | Arcane Tower |
| 2:01 | Farm |
| 2:08 | Guard Tower |
| 2:19 | Farm |
| 2:44 | Peasant |
| 2:44 | Peasant |
| 2:57 | Farm |
| 2:58 | Farm |
| 3:01 | Guard Tower |
| 3:27 | Scout Tower |
| 3:27 | Scout Tower |
| 3:28 | Scout Tower |
| 3:47 | Scout Tower |
| 3:49 | Peasant |
| 3:49 | Peasant |
| 4:04 | Flame Strike |
| 4:30 | Scout Tower |
| 4:30 | Scout Tower |
| 4:31 | Scout Tower |
| 4:34 | Siphon Mana |
| 4:38 | Town Hall |
| 4:43 | Peasant |
| 4:43 | Peasant |
| 4:47 | Improved Masonry |
| 4:50 | Scout Tower |
| 4:51 | Scout Tower |
| 4:52 | Scout Tower |
| 4:53 | Scout Tower |
| 5:00 | Guard Tower |
| 5:02 | Scout Tower |
| 5:07 | Scout Tower |
| 5:07 | Scout Tower |
| 5:08 | Scout Tower |
| 5:08 | Scout Tower |
| 5:10 | Guard Tower |
| 5:13 | Scout Tower |
| 5:13 | Scout Tower |
| 5:16 | Peasant |
| 5:17 | Peasant |
| 5:31 | Keep |
| 5:33 | Guard Tower |
| 5:59 | Guard Tower |
| 6:01 | Guard Tower |
| 6:18 | Guard Tower |
| 6:48 | Arcane Vault |
| 6:58 | Siphon Mana |
| 7:05 | Scout Tower |
| 7:05 | Scout Tower |
| 7:06 | Scout Tower |
| 7:07 | Scout Tower |
| 7:11 | Guard Tower |
| 7:14 | Scout Tower |
| 7:15 | Scout Tower |
| 7:16 | Scout Tower |
| 7:16 | Scout Tower |
| 7:17 | Scout Tower |
| 7:18 | Scout Tower |
| 7:20 | Peasant |
| 7:21 | Peasant |
| 7:37 | Peasant |
| 7:37 | Peasant |
| 7:54 | Scout Tower |
| 7:54 | Scout Tower |
| 7:55 | Scout Tower |
| 7:56 | Scout Tower |
| 7:56 | Peasant |
| 7:56 | Peasant |
| 7:59 | Guard Tower |
| 8:02 | Scout Tower |
| 8:02 | Scout Tower |
| 8:03 | Scout Tower |
| 8:04 | Scout Tower |
| 8:06 | Peasant |
| 8:12 | Guard Tower |
| 8:14 | Guard Tower |
| 8:18 | Advanced Masonry |
| 8:24 | Scout Tower |
| 8:24 | Scout Tower |
| 8:25 | Scout Tower |
| 8:25 | Scout Tower |
| 8:49 | Guard Tower |
| 8:50 | Guard Tower |
| 8:50 | Guard Tower |
| 8:53 | Scout Tower |
| 8:53 | Scout Tower |
| 8:53 | Scout Tower |
| 8:54 | Scout Tower |
| 9:04 | Peasant |
| 9:04 | Peasant |
| 9:05 | Guard Tower |
| 9:07 | Guard Tower |
| 9:08 | Scout Tower |
| 9:08 | Scout Tower |
| 9:09 | Scout Tower |
| 9:09 | Scout Tower |
| 9:13 | Scout Tower |
| 9:13 | Scout Tower |
| 9:14 | Scout Tower |
| 9:15 | Scout Tower |
| 9:27 | Guard Tower |
| 9:28 | Scout Tower |
| 9:29 | Scout Tower |
| 9:30 | Scout Tower |
| 9:30 | Scout Tower |
| 9:41 | Guard Tower |
| 9:45 | Peasant |
| 9:48 | Guard Tower |
| 9:56 | Guard Tower |
| 10:02 | Peasant |
| 10:04 | Guard Tower |
| 10:14 | Arcane Sanctum |
| 10:29 | Peasant |
| 10:38 | Staff of Teleportation |
| 10:43 | Guard Tower |
| 10:51 | Peasant |
| 10:55 | Guard Tower |
| 10:56 | Scout Tower |
| 10:57 | Scout Tower |
| 10:57 | Scout Tower |
| 10:58 | Scout Tower |
| 11:02 | Guard Tower |
| 11:33 | Soul Burn |
| 11:42 | Goblin Zeppelin |
| 11:58 | Guard Tower |
| 12:01 | Scout Tower |
| 12:02 | Scout Tower |
| 12:03 | Scout Tower |
| 12:03 | Scout Tower |
| 12:04 | Scout Tower |
| 12:04 | Scout Tower |
| 12:38 | Potion of Healing |
| 12:48 | Guard Tower |
| 12:51 | Scout Tower |
| 12:51 | Scout Tower |
| 12:52 | Scout Tower |
| 12:54 | Staff of Teleportation |
| 13:04 | Guard Tower |
| 13:35 | Magic Sentry |
| 13:53 | Guard Tower |
| 13:53 | Scout Tower |
| 13:54 | Scout Tower |
| 14:19 | Guard Tower |
| 14:34 | Scout Tower |
| 14:34 | Scout Tower |
| 14:35 | Scout Tower |
| 14:36 | Scout Tower |
| 14:39 | Peasant |
| 14:41 | Farm |
| 15:39 | Scout Tower |
| 15:40 | Scout Tower |
| 15:40 | Scout Tower |
| 15:41 | Scout Tower |
| 15:48 | Guard Tower |
| 15:50 | Scout Tower |
| 15:50 | Scout Tower |
| 15:51 | Scout Tower |
| 15:52 | Scout Tower |
| 16:08 | Guard Tower |
| 16:11 | Peasant |
| 16:11 | Peasant |
| 16:19 | Guard Tower |
| 16:23 | Scout Tower |
| 16:24 | Scout Tower |
| 16:25 | Scout Tower |
| 17:45 | Guard Tower |
| 17:46 | Guard Tower |
| 17:47 | Scout Tower |
| 17:48 | Scout Tower |
| 17:48 | Scout Tower |
| 18:14 | Incinerate |
| 18:21 | Castle |
| 18:40 | Guard Tower |
| 18:41 | Scout Tower |
| 18:42 | Scout Tower |
| 18:42 | Scout Tower |
| 18:43 | Scout Tower |
| 18:43 | Scout Tower |
| 18:44 | Scout Tower |
| 18:47 | Peasant |
| 18:53 | Scout Tower |
| 18:54 | Scout Tower |
| 18:55 | Scout Tower |
| 18:56 | Scout Tower |
| 19:01 | Scout Tower |
| 19:27 | Improved Lumber Harvesting |
| 19:31 | Guard Tower |
| 19:31 | Guard Tower |
| 20:00 | Guard Tower |
| 20:00 | Guard Tower |
| 20:02 | Scout Tower |
| 20:02 | Scout Tower |
| 20:03 | Scout Tower |
| 20:04 | Scout Tower |
| 20:16 | Lesser Clarity Potion |
| 20:47 | Scout Tower |
| 20:48 | Scout Tower |
| 20:48 | Scout Tower |
| 20:49 | Scout Tower |
| 20:49 | Scout Tower |
| 20:50 | Scout Tower |
| 20:51 | Scout Tower |
| 20:52 | Scout Tower |
| 20:53 | Guard Tower |
| 21:21 | Guard Tower |
| 21:22 | Scout Tower |
| 21:23 | Scout Tower |
| 21:44 | Scout Tower |
| 21:45 | Scout Tower |
| 21:46 | Scout Tower |
| 21:51 | Scout Tower |
| 21:52 | Guard Tower |
| 21:53 | Scout Tower |
| 21:53 | Scout Tower |
| 21:54 | Scout Tower |
| 21:54 | Scout Tower |
| 22:06 | Scout Tower |
| 22:09 | Scout Tower |
| 22:13 | Guard Tower |
| 22:14 | Guard Tower |
| 22:26 | Guard Tower |
| 22:29 | Scout Tower |
| 22:30 | Scout Tower |
| 22:30 | Scout Tower |
| 22:31 | Scout Tower |
| 22:31 | Scout Tower |
| 22:32 | Scout Tower |
| 22:33 | Scout Tower |
| 22:34 | Scout Tower |
| 22:38 | Scout Tower |
| 22:38 | Guard Tower |
| 22:58 | Staff of Sanctuary |
| 23:05 | Guard Tower |
| 23:06 | Scout Tower |
| 23:36 | Scout Tower |
| 23:36 | Scout Tower |
| 23:48 | Guard Tower |
| 23:51 | Scout Tower |
| 23:52 | Scout Tower |
| 23:52 | Scout Tower |
| 23:53 | Scout Tower |
| 23:56 | Guard Tower |
| 24:12 | Guard Tower |
| 24:20 | Guard Tower |
| 24:42 | Soul Burn |
| 24:48 | Scout Tower |
| 24:49 | Scout Tower |
| 25:00 | Holy Light |
| 25:03 | Staff of Sanctuary |
| 25:05 | Orb of Fire |
| 25:09 | Boots of Speed |
| 25:20 | Guard Tower |
| 25:27 | Guard Tower |
| 25:29 | Scout Tower |
| 25:29 | Scout Tower |
| 25:30 | Scout Tower |
| 25:31 | Scout Tower |
| 25:31 | Scout Tower |
| 25:33 | Scout Tower |
| 25:33 | Scout Tower |
| 25:42 | Guard Tower |
| 25:43 | Scout Tower |
| 25:43 | Scout Tower |
| 25:46 | Scout Tower |
| 25:46 | Scout Tower |
| 25:47 | Scout Tower |
| 26:40 | Scout Tower |
| 26:41 | Scout Tower |
| 26:58 | Staff of Teleportation |
| 26:58 | Boots of Speed |
| 27:06 | Guard Tower |
| 27:13 | Guard Tower |
| 27:14 | Scout Tower |
| 27:15 | Scout Tower |
| 27:15 | Scout Tower |
| 27:16 | Scout Tower |
| 27:16 | Scout Tower |
| 27:17 | Scout Tower |
| 27:18 | Scout Tower |
| 27:18 | Scout Tower |
| 27:36 | Scout Tower |
| 27:43 | Scout Tower |
| 27:44 | Scout Tower |
| 28:04 | Flame Strike |
| 28:34 | Staff of Sanctuary |
| 28:51 | Guard Tower |
| 29:38 | Guard Tower |
| 29:42 | Scout Tower |
| 29:42 | Scout Tower |
| 29:42 | Scout Tower |
| 29:42 | Scout Tower |
| 30:28 | Scout Tower |
| 30:29 | Guard Tower |
| 30:36 | Guard Tower |
| 30:38 | Scout Tower |
| 30:38 | Scout Tower |
| 30:39 | Scout Tower |
| 30:39 | Scout Tower |
| 30:40 | Scout Tower |
| 30:40 | Scout Tower |
| 30:41 | Scout Tower |
| 30:41 | Scout Tower |
| 31:26 | Divine Shield |
| 32:28 | Scout Tower |
| 32:29 | Scout Tower |
| 32:29 | Scout Tower |
| 32:30 | Scout Tower |
| 32:34 | Guard Tower |
| 32:38 | Scout Tower |
| 32:39 | Scout Tower |
| 32:48 | Scout Tower |
| 33:12 | Guard Tower |
| 33:14 | Scout Tower |
| 33:14 | Scout Tower |
| 33:16 | Scout Tower |
| 33:16 | Scout Tower |
| 33:17 | Scout Tower |
| 33:17 | Scout Tower |
| 33:19 | Scout Tower |
| 33:19 | Scout Tower |
| 33:20 | Scout Tower |
| 33:20 | Scout Tower |
| 34:02 | Incinerate |
| 34:56 | Helm of Valor |
| 35:06 | Claws of Attack +9 |
| 35:11 | Ring of Regeneration |
| 35:28 | Guard Tower |
| 35:29 | Scout Tower |
| 35:30 | Scout Tower |
| 35:30 | Scout Tower |
| 35:32 | Guard Tower |
| 35:34 | Scout Tower |
| 35:35 | Scout Tower |
| 35:35 | Scout Tower |
| 35:36 | Scout Tower |
| 35:36 | Scout Tower |
| 35:37 | Scout Tower |
| 35:38 | Scout Tower |
| 35:38 | Scout Tower |
| 35:38 | Scout Tower |
| 35:39 | Scout Tower |
| 35:39 | Scout Tower |
| 35:40 | Scout Tower |
| 35:40 | Scout Tower |
| 35:41 | Scout Tower |
| 36:31 | Ancient Janggo of Endurance |
| 36:50 | Guard Tower |
| 36:54 | Scout Tower |
| 36:54 | Scout Tower |
| 36:55 | Scout Tower |
| 37:21 | Guard Tower |
| 38:03 | Guard Tower |
| 38:23 | Legion Doom-Horn |
| 38:38 | Guard Tower |
| 40:06 | Holy Light |
| 40:48 | Guard Tower |
| 41:11 | Scout Tower |
| 41:11 | Scout Tower |
| 41:12 | Scout Tower |
| 42:35 | Guard Tower |
| 43:04 | Flame Strike |
| Right click | 3127 |
| Select | 1549 |
| Select group | 484 |
| Assign group | 483 |
| Build/train/purchase | 237 |
| Use ability | 118 |
| Misc. action | 39 |
| Item give/drop | 15 |
| Minimap ping | 10 |
| Chat | 9 |
| Remove unit | 3 |
| Esc | 1 |



| Orb of Venom | 1 | 325 |
| Boots of Speed | 3 | 750 |
| Staff of Teleportation | 3 | 450 |
| Staff of Sanctuary | 2 | 500 |
| Orb of Fire | 1 | 325 |
| Cloak of Flames | 1 | 500 |
| Legion Doom-Horn | 1 | 500 |
| Ancient Janggo of Endurance | 1 | 500 |
| Claws of Attack +12 | 1 | 500 |
| Gloves of Haste | 1 | 125 |
| total: | 15 | 4475g |
| Wisp | 31 | 1860 | / | 0 |
| Goblin Zeppelin | 1 | 240 | / | 60 |
| total: | 32 | 2100g | / | 60w |
| Altar of Elders | 2 | 360 | / | 100 |
| Moon Well | 21 | 3780 | / | 840 |
| Ancient of Wonders | 4 | 360 | / | 120 |
| Hunter's Hall | 1 | 210 | / | 100 |
| Tree of Life | 1 | 340 | / | 185 |
| Ancient of Wind | 1 | 150 | / | 140 |
| Chimaera Roost | 4 | 560 | / | 760 |
| Tree of Ages | 1 | 320 | / | 180 |
| Tree of Eternity | 1 | 330 | / | 200 |
| total: | 34 | 5760g | / | 2245w |
| 0:03 | Wisp |
| 0:03 | Wisp |
| 0:05 | Altar of Elders |
| 0:18 | Moon Well |
| 0:29 | Wisp |
| 0:35 | Wisp |
| 0:35 | Wisp |
| 0:52 | Moon Well |
| 0:53 | Wisp |
| 1:14 | Wisp |
| 1:24 | Wisp |
| 1:42 | Wisp |
| 2:02 | Wisp |
| 2:09 | Shadow Strike |
| 2:12 | Wisp |
| 2:12 | Wisp |
| 2:23 | Wisp |
| 2:40 | Wisp |
| 2:54 | Wisp |
| 3:10 | Wisp |
| 3:17 | Wisp |
| 3:46 | Wisp |
| 3:46 | Wisp |
| 4:21 | Wisp |
| 4:21 | Wisp |
| 4:25 | Moon Well |
| 5:37 | Boots of Speed |
| 5:37 | Staff of Teleportation |
| 5:47 | Tree of Ages |
| 5:51 | Ancient of Wonders |
| 5:55 | Ancient of Wonders |
| 6:29 | Blink |
| 6:43 | Hunter's Hall |
| 7:51 | Ultravision |
| 8:53 | Tree of Life |
| 9:06 | Nature's Blessing |
| 9:46 | Entangling Roots |
| 10:51 | Tree of Eternity |
| 11:10 | Moon Well |
| 11:13 | Moon Well |
| 12:07 | Staff of Teleportation |
| 13:00 | Moon Well |
| 13:14 | Well Spring |
| 13:16 | Wisp |
| 13:16 | Wisp |
| 13:17 | Wisp |
| 13:56 | Moon Well |
| 14:05 | Shadow Strike |
| 14:34 | Moon Well |
| 14:35 | Moon Well |
| 14:36 | Moon Well |
| 14:36 | Moon Well |
| 15:01 | Wisp |
| 15:01 | Wisp |
| 15:14 | Wisp |
| 15:14 | Wisp |
| 15:14 | Wisp |
| 15:14 | Wisp |
| 15:16 | Wisp |
| 15:40 | Boots of Speed |
| 16:10 | Altar of Elders |
| 16:31 | Thorns Aura |
| 17:31 | Moon Well |
| 17:34 | Moon Well |
| 18:45 | Ancient of Wonders |
| 18:51 | Ancient of Wonders |
| 19:26 | Moon Well |
| 19:28 | Moon Well |
| 19:50 | Frost Arrows |
| 22:00 | Boots of Speed |
| 22:01 | Staff of Teleportation |
| 22:18 | Staff of Sanctuary |
| 22:55 | Entangling Roots |
| 26:13 | Orb of Venom |
| 26:54 | Cloak of Flames |
| 28:10 | Moon Well |
| 28:12 | Moon Well |
| 28:12 | Moon Well |
| 28:13 | Moon Well |
| 28:17 | Forked Lightning |
| 30:06 | Blink |
| 31:00 | Orb of Fire |
| 33:00 | Frost Arrows |
| 33:30 | Moon Well |
| 33:32 | Moon Well |
| 36:33 | Staff of Sanctuary |
| 37:40 | Thorns Aura |
| 38:42 | Legion Doom-Horn |
| 38:43 | Ancient Janggo of Endurance |
| 40:53 | Forked Lightning |
| 41:25 | Shadow Strike |
| 41:28 | Shadow Strike |
| 41:44 | Goblin Zeppelin |
| 43:55 | Entangling Roots |
| 44:59 | Claws of Attack +12 |
| 45:00 | Gloves of Haste |
| 45:46 | Ancient of Wind |
| 45:48 | Strength of the Wild |
| 45:48 | Reinforced Hides |
| 47:01 | Chimaera Roost |
| 47:02 | Chimaera Roost |
| 47:04 | Chimaera Roost |
| 47:06 | Chimaera Roost |
| 47:17 | Frost Arrows |
| 47:48 | Blink |
| 48:03 | Tranquility |
| Right click | 4325 |
| Select | 978 |
| Select group | 825 |
| Misc. action | 425 |
| Resource trade | 255 |
| Use ability | 207 |
| Chat | 181 |
| Build/train/purchase | 85 |
| Assign group | 8 |
| Item give/drop | 7 |
| Minimap ping | 6 |
| Remove unit | 1 |
| Esc | 1 |
⇛